Map: [ESL] Hard Lead

Players

Serral - Winner!

  • Race: Zerg Zerg
  • Spawn Location: 11:00

Fjant

  • Race: Zerg Zerg
  • League: Grandmaster
  • Spawn Location: 5:00

Event: HomeStory Cup XXIV

VOD

Have the link to the VOD?

Description

Time

  • Played on: Dec. 1, 2023, 7:11 a.m.
  • Length: 7:09

All games in this series

Show
View Real Time Build Order
Export as new Build Order

Serral Zerg - Winner!

Build Orders: Hatch First 

Get SALT Encoding   

  12  0:00  Drone  
  13  0:12  Overlord  
  13  0:16  Drone  
  14  0:30  Drone x2  
  16  0:48  Hatchery  
  15  0:51  Drone  
  15  0:54  Drone  
  17  0:58  Drone  
  18  1:08  Extractor  
  17  1:12  Spawning Pool  
  17  1:16  Drone  
  17  1:18  Drone  
  18  1:27  Drone  
  19  1:38  Drone  
  20  1:53  Drone  
  21  1:59  Queen x2  
  21  2:00  Zergling x2, Overlord  
  26  2:07  Metabolic Boost  
  26  2:10  Drone x2  
  28  2:21  Drone x2  
  30  2:32  Hatchery  
  30  2:35  Drone  
  30  2:37  Drone  
  30  2:42  Drone  
  32  2:45  Baneling Nest  
  32  2:49  Overlord  
  31  2:55  Drone  
  32  2:58  Zergling x2  
  32  3:04  Zergling x4  
  35  3:09  Zergling x10  
  35  3:11  Zergling x2  
  41  3:19  Drone  
  42  3:20  Overlord  
  42  3:26  Roach Warren  
  41  3:29  Baneling  
  41  3:30  Baneling  
  41  3:38  Drone x5  
  46  3:43  Drone x3  
  46  3:46  Baneling  
  46  3:47  Baneling  
  49  3:49  Drone  
  49  3:57  Queen  
  49  3:58  Zergling x4  
  50  4:09  Drone x5  
  55  4:17  Baneling x2  
  55  4:19  Evolution Chamber, Overlord  
  55  4:21  Drone x2  
  56  4:28  Extractor  
  56  4:29  Extractor, Baneling  
  56  4:32  Overlord  
  56  4:35  Roach  
  55  4:38  Roach  
  55  4:39  Roach x2  
  56  4:46  Zergling x4, Roach  
  56  4:52  Zergling x6, Roach  
  64  4:56  Zergling x2, Roach  
  66  5:01  Roach x2  
  66  5:04  Overlord  
  66  5:06  Baneling  
  70  5:10  Roach x2  
  74  5:20  Overlord x2  
  74  5:21  Overlord  
  74  5:29  Baneling x2  
  74  5:34  Drone  
  75  5:37  Drone x3  
  75  5:41  Drone x3  
  81  5:45  Lair  
  81  5:48  Overlord  
  80  5:52  Roach x2  
  80  5:56  Roach x2  
  89  5:57  Roach  
  89  6:01  Roach  
  89  6:02  Roach  
  91  6:11  Overlord  
  91  6:14  Roach  
  91  6:15  Roach x3  
  99  6:19  Overlord x2  
  99  6:28  Roach x4  
  107  6:33  Overlord  
  107  6:39  Roach x4  
  115  6:43  Overlord  
  114  6:48  Roach x3  
Show
View Real Time Build Order
Export as new Build Order

Fjant Zerg 

Build Orders: Hatch First 

Get SALT Encoding   

  12  0:00  Drone  
  13  0:12  Overlord  
  13  0:17  Drone  
  14  0:30  Drone x2  
  16  0:47  Hatchery  
  15  0:51  Drone  
  15  0:54  Drone  
  17  0:57  Drone  
  18  1:08  Extractor  
  17  1:13  Spawning Pool  
  17  1:17  Drone  
  17  1:18  Drone  
  18  1:27  Drone  
  19  1:41  Drone  
  20  1:53  Drone  
  21  2:00  Drone x2, Queen x2  
  27  2:10  Overlord  
  27  2:11  Drone  
  28  2:16  Metabolic Boost  
  28  2:21  Extractor x2  
  28  2:22  Drone x2  
  30  2:33  Hatchery  
  30  2:35  Zergling x2  
  30  2:39  Drone  
  30  2:42  Drone  
  32  2:45  Overlord  
  32  2:53  Baneling Nest  
  32  2:56  Drone x2  
  33  3:05  Zergling x2  
  34  3:07  Drone  
  34  3:12  Drone x2  
  37  3:13  Drone  
  37  3:16  Zergling x4  
  40  3:22  Zergling x4  
  42  3:30  Zergling x4, Roach Warren  
  43  3:34  Overlord  
  43  3:37  Baneling  
  43  3:38  Baneling  
  43  3:42  Zergling x2  
  43  3:44  Overlord  
  43  3:46  Baneling x2  
  43  3:48  Zergling x6  
  46  3:50  Baneling x2  
  41  4:11  Roach x4  
  41  4:13  Zergling x2  
  41  4:15  Zergling x10  
  55  4:27  Roach x2  
  59  4:37  Zergling x2  
  60  4:39  Baneling  
  59  4:50  Roach  
  53  5:00  Roach  
  53  5:01  Zergling x2  
  53  5:02  Zergling x8  
  59  5:11  Overlord x2  
  58  5:22  Overlord  
  58  5:29  Overlord, Hatchery  
  58  5:31  Roach x2  
  61  5:38  Roach x2  
  61  5:41  Roach  
  66  5:46  Overlord  
  66  5:49  Roach  
  68  5:54  Overlord  
  70  5:57  Roach  
  70  6:06  Zergling x10  
  75  6:14  Roach  
  75  6:15  Zergling x2  
  75  6:16  Zergling x4, Queen  
  82  6:21  Roach  
  86  6:25  Roach  
  86  6:29  Overlord  
  86  6:36  Roach  
  86  6:38  Drone x3  
  91  6:43  Overlord  
  91  6:44  Zergling x6  
  91  6:45  Zergling x2  
Tags
 
Add a new tag
Caveats
  • Supply blocks, unpowered buildings, or Contaminate may cause inaccurate times.
  • Supply counts are checked every 10 seconds.